 Dungeon Crawl Stone Soup version 0.31-a0-1308-ga3cce3a448 (webtiles) character file.

Game seed: 9614337907065569872

58 gruber the Stinger (level 4, 0/48 HPs)
             Began as a Gnoll Venom Mage on Dec 19, 2023.
             Hit by a goblin thrown by Robin (3 damage)
             ... on level 3 of the Dungeon on Dec 20, 2023.
             The game lasted 00:02:44 (2329 turns).

gruber the Stinger (Gnoll Venom Mage)               Turns: 2329, Time: 00:02:44

Health: 0/48       AC:  2    Str:  7    XL:     4   Next: 1%
Magic:  4/11       EV: 13    Int: 16    God:
Gold:   52         SH:  0    Dex: 13    Spells: 7/13 levels left

rFire   . . .        f - +0 dagger (freeze)
rCold   . . .        (no shield)
rNeg    . . .        a - +0 robe
rPois   .            (no helmet)
rElec   .            (no cloak)
rCorr   .            (no gloves)
SInv    .            (no boots)
Will    .....        (no amulet) Stlth
                     (no ring)
HPRegen 0.28/turn    (no ring)
MPRegen 0.12/turn

%: no passive effects
@: berserking (expiring), very quick
A: fangs 1, strong nose, distributed training
a: no special abilities


You were on level 3 of the Dungeon.
You visited 1 branch of the dungeon, and saw 3 of its levels.

You collected 52 gold pieces.

Inventory:

Hand Weapons
 f - a +0 dagger of freezing (weapon)
Armour
 a - a +0 robe (worn)
Jewellery
 k - a ring of willpower
Scrolls
 c - a scroll of revelation {unknown}
 e - 2 scrolls of amnesia {unknown}
 g - 4 scrolls of fear {unknown}
 i - 4 scrolls of identify {unknown}
 j - a scroll of brand weapon {unknown}
Potions
 b - 2 potions of magic
 l - a potion of ambrosia {unknown}
 m - a potion of heal wounds {unknown}
 n - a potion of might {unknown}


   Skills:
 + Level 1.0 Fighting
 + Level 1.0 Short Blades
 + Level 1.0 Long Blades
 + Level 1.0 Axes
 + Level 1.0 Maces & Flails
 + Level 1.0 Polearms
 + Level 1.0 Staves
 + Level 1.0 Ranged Weapons
 + Level 1.0 Throwing
 + Level 1.0 Armour
 + Level 4.6 Dodging
 + Level 4.2 Stealth
 + Level 1.0 Shields
 + Level 1.0 Unarmed Combat
 + Level 5.0 Spellcasting
 + Level 0.7 Conjurations
 + Level 0.7 Hexes
 + Level 0.7 Summonings
 + Level 0.7 Necromancy
 + Level 0.7 Translocations
 + Level 2.2 Transmutations
 + Level 0.7 Fire Magic
 + Level 0.7 Ice Magic
 + Level 0.7 Air Magic
 + Level 0.7 Earth Magic
 + Level 5.4 Poison Magic
 + Level 1.1 Invocations
 + Level 1.0 Evocations
 + Level 0.9 Shapeshifting


You had 7 spell levels left.
You knew the following spells:

 Your Spells              Type           Power      Damage    Failure   Level
a - Sting                 Tmut/Pois      64%        1d6       3%          1
b - Poisonous Vapours     Pois/Air       28%        N/A       6%          2
c - Mephitic Cloud        Conj/Pois/Air  11%        N/A       17%         3

Your spell library contained the following spells:

 Spells                   Type           Power      Damage    Failure   Level
 Olgreb's Toxic Radiance  Pois           21%        N/A       16%         4
 Dazzling Flash           Conj/Hex       12%        N/A       32%         3
 Volatile Blastmotes      Fire/Tloc      12%        2d11      32%         3
 Passage of Golubria      Tloc           6%         N/A       73%         4
 Agony                    Necr           6%         N/A       97%         5
 Silence                  Hex/Air        3%         N/A       97%         5
 Starburst                Conj/Fire      3%         6d3       100%        6
 Lehudib's Crystal Spear  Conj/Erth      3%         10d2      100%        8
 Maxwell's Capacitive Co  Air            3%         ∞         100%        8


Dungeon Overview and Level Annotations

Branches:
Dungeon (3/15)

Altars:

Shops:
D:2 (

Annotations:
D:2 1 runed translucent door, Crazy Yiuf
D:3 Ijyb, Robin


Innate Abilities, Weirdness & Mutations

You have very sharp teeth.
Your uncanny sense of smell can sniff out nearby items.
Your experience applies equally to all skills.


Message History

The sting misses the quokka.
The quokka closely misses you.
Ijyb is engulfed in noxious fumes.
Ijyb appears confused.
Unknown command.
Unknown command.
Casting: Sting (safe; 3% risk of failure)
Confirm with . or Enter, or press ? or * to list all spells.
Aiming: Sting (safe; 3% risk of failure)
Press: ? - help, Shift-Dir - straight line, f/p - quokka
Aim: a quokka (64% to hit)
The sting hits the quokka.
The quokka is poisoned.
You kill the quokka!
Robin throws Ijyb at you!
* * * LOW HITPOINT WARNING * * *
Ijyb barely misses you.
Ijyb barely misses herself.
Unknown command.
It was a potion of cancellation.
You feel magically purged.
Robin roars a battlecry!
The goblins go into a battle-frenzy!
It was a potion of berserk rage.
A red film seems to cover your vision as you go berserk!
You feel yourself moving faster!
You feel mighty! Robin throws the goblin at you!
You miss the goblin. You barely miss the goblin. The goblin barely misses you.
The hobgoblin closely misses you.
You hit the goblin. You freeze the goblin.
You kill the goblin!
You hit the hobgoblin. You freeze the hobgoblin.
You kill the hobgoblin!
You have reached level 4!
You feel agile.
You puncture the frilled lizard! You freeze the frilled lizard.
You kill the frilled lizard!
Robin throws the goblin at you!
* * * LOW HITPOINT WARNING * * *
You hit the goblin. You freeze the goblin.
You kill the goblin!
Robin throws the goblin at you!
You die...
Robin lets out a smug laugh.

# ######## . . #.
#g@†.g.# .g
Sl#.######†####.# ...
g..........# # ..g.
#.l....g.# .# .g...
#.......#####.#
......#####.........##
##...g.$.............
∆ #>......).......####
#.####............#


You could see Ijyb (confused), Robin and a goblin (strong).

Vanquished Creatures
  2 adders (D:2)
  3 dart slugs
  6 endoplasms
  3 goblins (D:3)
  2 hobgoblins (D:3)
  3 quokkas
  A ball python (D:1)
  2 bats
  4 frilled lizards
  4 kobolds
  5 rats
35 creatures vanquished.

Notes
Turn   | Place    | Note
-------+----------+-------------------------------------------
     0 | D:1      | gruber the Gnoll Venom Mage began the quest for the Orb.
     0 | D:1      | Reached XP level 1. HP: 13/13 MP: 6/6
   161 | D:1      | Reached XP level 2. HP: 12/19 MP: 1/7
  1104 | D:2      | Reached skill level 5 in Spellcasting
  1104 | D:2      | Reached XP level 3. HP: 21/25 MP: 1/9
  1513 | D:2      | Found Mitwiodwa's Antique Weapon Boutique.
  1549 | D:2      | Reached skill level 1 in Invocations
  1999 | D:2      | Found a runed translucent door.
  2000 | D:2      | Noticed Crazy Yiuf
  2118 | D:3      | Learned a level 2 spell: Poisonous Vapours
  2122 | D:3      | Learned a level 3 spell: Mephitic Cloud
  2129 | D:3      | Reached skill level 1 in Fighting
  2129 | D:3      | Reached skill level 1 in Short Blades
  2129 | D:3      | Reached skill level 1 in Long Blades
  2129 | D:3      | Reached skill level 1 in Axes
  2129 | D:3      | Reached skill level 1 in Maces & Flails
  2129 | D:3      | Reached skill level 1 in Polearms
  2129 | D:3      | Reached skill level 1 in Staves
  2129 | D:3      | Reached skill level 1 in Ranged Weapons
  2129 | D:3      | Reached skill level 1 in Throwing
  2129 | D:3      | Reached skill level 1 in Armour
  2129 | D:3      | Reached skill level 1 in Shields
  2129 | D:3      | Reached skill level 1 in Unarmed Combat
  2129 | D:3      | Reached skill level 1 in Evocations
  2309 | D:3      | Noticed Ijyb
  2309 | D:3      | Noticed Robin
  2328 | D:3      | Reached XP level 4. HP: 6/32 MP: 4/11
  2329 | D:3      | Hit by a goblin thrown by Robin

Illustrated notes

Levels and vault maps discovered:
D:1:      dpeg_arrival_houses_and_road, layout_basic
D:2:      layout_loops_corners, serial_shops, nicolae_shop_crystal,
          grunt_decor_one_mirror, minmay_misc_feat_more_columns,
          minmay_tetromino_t2, uniq_crazy_yiuf_cottage
D:3:      layout_basic, serial_shops, nicolae_shop_tiny_real_fake_doors,
          nicolae_goblin_pals

Skill      XL: |  1  2  3 |
---------------+----------+-----
Transmutations | 2 |  2.2
Spellcasting   | 5 |  5.0
Invocations    | 1 |  1.1
Fighting       | 1 |  1.0
Short Blades   | 1 |  1.0
Long Blades    | 1 |  1.0
Axes           | 1 |  1.0
Maces & Flails | 1 |  1.0
Polearms       | 1 |  1.0
Staves         | 1 |  1.0
Ranged Weapons | 1 |  1.0
Throwing       | 1 |  1.0
Armour         | 1 |  1.0
Shields        | 1 |  1.0
Unarmed Combat | 1 |  1.0
Evocations     | 1 |  1.0
Dodging        | |  4.6
Stealth        | |  4.2
Conjurations   | |  0.7
Hexes          | |  0.7
Summonings     | |  0.7
Necromancy     | |  0.7
Translocations | |  0.7
Fire Magic     | |  0.7
Ice Magic      | |  0.7
Air Magic      | |  0.7
Earth Magic    | |  0.7
Poison Magic   | |  5.4
Shapeshifting  | |  0.9

Action                     |  1- 3 |  4- 6 || total
---------------------------+-------+-------++-------
  Melee: Dagger            |     7 |     2 ||     9
         Unarmed           |     1 |       ||     1
   Cast: Sting             |    61 |       ||    61
         Poisonous Vapours |     2 |       ||     2
         Mephitic Cloud    |     1 |       ||     1
    Use: Potion            |     2 |       ||     2
 Armour: Robe              |    19 |     2 ||    21
  Dodge: Dodged            |    18 |       ||    18

Table legend: (Time is in decaauts)
 A = Elapsed time spent in this place.
 B = Non-inter-level travel time spent in this place.
 C = Inter-level travel time spent in this place.
 D = Time resting spent in this place.
 E = Time spent auto-exploring this place.
 F = Levels seen in this place.
 G = Mean time per level.
                   A        B        C        D        E       F      G
               +--------+--------+--------+--------+--------+-----+--------+
         Total |   2326 |   2240 |     86 |      0 |   2014 |   3 |  775.3 |
       Dungeon |   2326 |   2240 |     86 |      0 |   2014 |   3 |  775.3 |
               +--------+--------+--------+--------+--------+-----+--------+

Top non-repeatable levels by time:
     D:2: 1049 daAuts
     D:1: 1005 daAuts
     D:3: 270 daAuts
